 Dungeon Crawl Stone Soup version 0.23.2 (webtiles) character file.

Game seed: 171232573894029343

481 whitewolfNL the Cudgeler (level 6, -2/61 HPs)
             Began as a Troll Berserker on Apr 13, 2019.
             Was a Priest of Trog.
             Slain by a gnoll
             ... wielding a +0 flail
              (9 damage)
             ... on level 3 of the Dungeon.
             The game lasted 00:12:29 (2689 turns).

whitewolfNL the Cudgeler (Troll Berserker)          Turns: 2689, Time: 00:12:29

Health: -2/61      AC:  8    Str: 26    XL:     6   Next: 87%
Magic:  5/5        EV: 11    Int:  3    God:    Trog [***...]
Gold:   150        SH:  0    Dex: 11    Spells: 5/5 levels left

rFire    . . .     SeeInvis .   m - +4 scythe
rCold    . . .     Gourm    +   (shield currently unavailable)
rNeg     . . .     Faith    .   n - +0 robe
rPois    .         Spirit   .   (helmet restricted)
rElec    .         Reflect  .   r - +1 cloak (curse)
rCorr    .         Harm     .   (gloves unavailable)
MR       .....                  (boots unavailable)
Stlth    +.........             (no amulet)
HPRegen  0.60/turn              (no ring)
MPRegen  0.09/turn              (no ring)

@: berserk cooldown, slowed, very slow
A: large, unfitting armour, claws 3, fast metabolism 3, gourmand, regeneration
1, shaggy fur 1, tough skin 3
a: Berserk, Trog's Hand, Renounce Religion


You were on level 3 of the Dungeon.
You worshipped Trog.
Trog was most pleased with you.
You were very full.

You visited 1 branch of the dungeon, and saw 3 of its levels.

You collected 150 gold pieces.

Inventory:

Hand Weapons
 a - a +0 flail
 m - a +4 scythe (weapon)
 v - a +0 falchion of electrocution
Missiles
 f - 20 bolts
 h - 4 javelins of penetration (quivered)
 i - 17 poisoned needles
 k - 29 arrows
Armour
 n - a +0 robe (worn)
 r - a cursed +1 cloak (worn)
 w - a +0 robe
Jewellery
 o - a +3 ring of dexterity {unknown}
Scrolls
 b - a scroll of amnesia {unknown}
 d - 2 scrolls of fog {unknown}
 e - a scroll of identify {unknown}
 g - 2 scrolls of enchant armour
 p - a scroll of enchant weapon {unknown}
 u - a scroll of fear {unknown}
Potions
 j - a potion of might {unknown}
 l - a potion of curing {unknown}
 q - a potion of lignification {unknown}
 t - a potion of mutation {unknown}
 x - 3 potions of degeneration {unknown}
Comestibles
 c - 7 rations
 s - 2 chunks of flesh


   Skills:
 * Level 3.5 Fighting
 * Level 4.7 Maces & Flails
 * Level 1.3 Throwing
 * Level 4.3 Dodging
 + Level 0.3 Stealth


You had 5 spell levels left.
You didn't know any spells.
Your spell library was empty.

Dungeon Overview and Level Annotations

Branches:
Dungeon (3/15)

Altars:
Elyvilon
Wu Jian
Yredelemnul


Innate Abilities, Weirdness & Mutations

You are too large for most types of armour.
You have claws for hands.
Your metabolism is lightning-fast.
You like to eat raw meat.
Your natural rate of healing is unusually fast.
You are covered in fur. (AC +1)
You have extremely tough skin. (AC +3)


Message History

* * * LOW HITPOINT WARNING * * *
The gnoll hits you but does no damage. The gnoll hits you with a +0 whip.
* * * LOW HITPOINT WARNING * * *
The gnoll hits you but does no damage.
Throwing (i - inventory)
h - 6 javelins of penetration (quivered)
Press: ? - help, Shift-Dir - straight line, f/p - gnoll
Aim: a gnoll, wielding a +0 flail You throw a javelin of penetration.
The javelin of penetration pierces through the gnoll.
The gnoll is moderately wounded.
The gnoll closely misses you. x3; The gnoll misses you.
The gnoll closely misses you. The gnoll barely misses you.
The gnoll hits you but does no damage.
Throwing (i - inventory)
h - 5 javelins of penetration (quivered)
Press: ? - help, Shift-Dir - straight line, f/p - gnoll
Aim: a gnoll, wielding a +0 flail (moderately wounded)
You throw a javelin of penetration.
The javelin of penetration barely misses the gnoll.
The gnoll hits you with a +0 flail!
You die...

############ ########
#..........# ######..÷))))
#.######.#.### #.......#####
#.####...#...# #.####..# #
#.##...#####.# ####.####..### #
#.##.#.. #...##.##......<...# #
#.##.###.#.###@)(#..##.#..#.# #
#..........##ggg....##.#..#.###
####.####.......(..... #.......
#.##########.##/.......#.###
#...# .##.######.#.# ###.#
#.........#.#.# #.#
##...≈≈≈≈≈....#.### #.#
##..≈≈≈≈≈≈≈≈≈..#...# ##.#
#..≈≈≈≈≈≈≈≈≈≈≈..##.#


You could see 3 gnolls.

Vanquished Creatures
  Sigmund (D:2)
  A bullfrog (D:3)
  A gnoll shaman (D:3)
  An orc wizard (D:3)
  10 gnolls
  3 adders (D:3)
  An ooze (D:3)
  A worm (D:2)
  2 dart slugs
  6 leopard geckos
  2 orcs (D:3)
  2 ball pythons
  A giant cockroach (D:3)
  9 goblins
  7 hobgoblins
  6 jackals
  5 kobolds
  7 bats
  A frilled lizard (D:1)
  7 rats
  A plant (D:3)
75 creatures vanquished.

Notes
Turn   | Place    | Note
-------+----------+-------------------------------------------
     0 | D:1      | whitewolfNL the Troll Berserker began the quest for the
                  | Orb.
     0 | D:1      | Reached XP level 1. HP: 22/22 MP: 0/0
    57 | D:1      | Reached XP level 2. HP: 29/29 MP: 1/1
   716 | D:1      | Reached XP level 3. HP: 36/36 MP: 2/2
   768 | D:2      | Noticed Sigmund
   793 | D:2      | Killed Sigmund
   793 | D:2      | Reached XP level 4. HP: 5/45 MP: 3/3
   793 | D:2      | Reached XP level 5. HP: 6/53 MP: 4/4
   985 | D:2      | Reached ** piety under Trog
  1139 | D:2      | Found a basalt altar of Yredelemnul.
  1627 | D:2      | Found a white marble altar of Elyvilon.
  1704 | D:3      | Reached XP level 6. HP: 61/61 MP: 5/5
  1708 | D:3      | Reached skill level 1 in Throwing
  1764 | D:3      | Found an ornate altar of the Wu Jian Council.
  2299 | D:3      | Reached *** piety under Trog
  2689 | D:3      | Slain by a gnoll

Skill      XL: |  1  2  3  4  5  6 |
---------------+-------------------+-----
Maces & Flails | 3 4 |  4.7
Fighting       | 3 |  3.5
Dodging        | 3 4 |  4.3
Throwing       | 1 |  1.3
Stealth        | |  0.3

Action                   |  1- 3 |  4- 6 || total
-------------------------+-------+-------++-------
Melee: Mace              |    72 |       ||    72
       Whip              |    26 |       ||    26
       Scythe            |       |   132 ||   132
Throw: Javelin           |       |     4 ||     4
Invok: Berserk           |     2 |     5 ||     7
  Use: Scroll            |       |     1 ||     1
  Eat: Chunk             |    14 |    24 ||    38
Armor: Animal skin       |    56 |       ||    56
       Robe              |       |    71 ||    71
Dodge: Dodged            |    85 |   156 ||   241
